 Dungeon Crawl Stone Soup version 0.14.1-21-g36cd379 (webtiles) character file.

85 Iskender the Scratcher (level 3, 17/17 HPs)
             Began as a Felid Chaos Knight on June 7, 2014.
             Was a Plaything of Xom.
             Got out of the dungeon alive.
             The game lasted 00:08:53 (1700 turns).

Iskender the Scratcher (Felid Chaos Knight)         Turns: 1700, Time: 00:08:54

HP  17/17        AC  1     Str  9      XL: 3   Next: 25%
MP   5/5         EV 18     Int 13      God: Xom
Gold 47          SH  0     Dex 15      Spells:  0 memorised,  2 levels left
Lives: 0, deaths: 1

rFire  + . .     SeeInvis +       - Unarmed
rCold  . . .     Clarity  .     (armour unavailable)
rNeg   . . .     Conserve .     (shield unavailable)
rPois  .         rCorr    .     (helmet unavailable)
rElec  .         rRot     .     (cloak unavailable)
SustAb . .       Spirit   .     (gloves unavailable)
rMut   .         Warding  .     (boots unavailable)
Saprov . . .     Stasis   .     (no amulet)
MR     .....                    (no ring)
                                (no ring)

@: quick, not resistant to hostile enchantments, quite stealthy
A: paw claws, no armour, no weapons or thrown items, fangs 3, see invisible,
carnivore 3, fire resistance 1, speed 1, screaming 1, shaggy fur 1, slow
metabolism 1, jump 1
a: Jump Attack, Renounce Religion


You escaped.
You worshipped Xom.
You were a beloved toy of Xom.
You were not hungry.

You visited 1 branch of the dungeon, and saw 2 of its levels.

You collected 47 gold pieces.

Inventory:

Comestibles
 c - 2 meat rations
 k - a chunk of bat flesh
Scrolls
 a - 3 scrolls of teleportation {unknown}
 e - a scroll of fog {unknown}
 f - 2 scrolls of identify {unknown}
 h - a scroll of immolation {unknown}
 i - a scroll of remove curse {unknown}
 j - a scroll of noise {unknown}
 l - a scroll of amnesia {unknown}
 n - a scroll of enchant weapon II {unknown}
Potions
 b - a potion of degeneration {unknown}
 d - a potion of heal wounds {unknown}
 g - a potion of restore abilities {unknown}
 m - a potion of paralysis {unknown}
 o - a potion of invisibility {unknown}


   Skills:
 - Level 3.0 Fighting
 - Level 3.2 Dodging
 - Level 3.7 Stealth
 + Level 4.2 Unarmed Combat


You had 2 spell levels left.
You didn't know any spells.

Dungeon Overview and Level Annotations

Branches:
Dungeon (2/15)

Altars:


Innate Abilities, Weirdness & Mutations

You cannot wear armour.
You are incapable of wielding weapons or throwing items.
Your paws have sharp claws.
You have razor-sharp teeth.
You have supernaturally acute eyesight.
You are carnivorous and can eat meat at any time.
You cover ground quickly.
You are covered in fur (AC +1).
You have a slow metabolism.
You can jump attack at a short distance.
Your flesh is heat resistant.
You occasionally shout uncontrollably.


Message History

You claw the adder!
You kill the adder!
No target in view!
No target in view!
No target in view!
Found a spear.
You see here an adder skeleton.
There is a stone staircase leading up here.
You climb upwards.
There is a stone staircase leading down here.
You see here a club.
There is an open door here.
There is an open door here.
There is an open door here.
There is an open door here.
There is an open door here.
There is an open door here.
There is a staircase leading out of the dungeon here.
Are you sure you want to leave the Dungeon?
This will make you lose the game!
You have escaped!

#........# #.### #.
#........# ###.#####.
#[.......# #.........
#........#########.#####.
######........#.....# #.#
#. #....#........'.....#
#.# #.
#....#........#..(..# #.#
#[ #....##'#######.....#
#.# #.
#........##.'@#.....# #.#
#. #......####'###'#####
#.# #. #......# #..'...#
#.#####. #......#
#..#...# #.#.....
#%.....# ####...#
####)#..... #......#
########....#.....
####.###
#...........#..... #.#
#..........##..... #.#
#..........##....)


There were no monsters in sight!

Vanquished Creatures
  4 adders (D:2)
  9 bats
  6 hobgoblins (D:1)
  4 jackals (D:1)
  5 kobolds
  A ball python (D:1)
  3 giant newts (D:1)
  5 goblins
  6 rats
43 creatures vanquished.

Notes
Turn   | Place    | Note
--------------------------------------------------------------
     0 | D:1      | Iskender, the Felid Chaos Knight, began the quest for the Orb.
     0 | D:1      | Reached XP level 1. HP: 10/10 MP: 2/2
    42 | D:1      | Reached skill level 1 in Stealth
   257 | D:1      | XOM: divination: magic mapping
   295 | D:1      | XOM: harmless Ice miscast
   314 | D:1      | Reached XP level 2. HP: 12/14 MP: 3/3
   487 | D:1      | XOM: cast spell 'Spider Form'
   643 | D:1      | XOM is BORED!
   643 | D:1      | XOM: noise
   669 | D:1      | Reached XP level 3. HP: 9/17 MP: 5/5
  1071 | D:1      | XOM: colour smoke trail
  1359 | D:2      | XOM is BORED!
  1359 | D:2      | XOM: mild Conj miscast
  1444 | D:2      | XOM: give mutations
  1444 | D:2      | Gained mutation: You occasionally shout uncontrollably. [Xom's mischief]
  1444 | D:2      | Gained mutation: Your flesh is heat resistant. [Xom's mischief]
  1473 | D:2      | XOM: 1-stop teleportation journey
  1476 | D:2      | Reached skill level 4 in Unarmed Combat
  1476 | D:2      | Reached XP level 4. HP: 11/21 MP: 7/7
  1534 | D:2      | Slain by an adder
  1535 | D:2      | Reached XP level 3. HP: -1/17 MP: 5/5
  1700 | D:$      | Got out of the dungeon alive.

Action                   |  1- 3 |  4- 6 || total
-------------------------+-------+-------++-------
Melee: Unarmed           |   120 |    10 ||   130
 Stab: Sleeping          |     4 |     2 ||     6
